[Event "Early-Titled-Tuesday-Blitz-June-18-2024"]
[Site "Chess.com"]
[Date "2024.06.18"]
[Round "5"]
[White "amintabatabaei"]
[Black "Rurep26"]
[Result "1-0"]
[WhiteElo "3048"]
[BlackElo "2734"]
[TimeControl "180+1"]
[EndTime "8:58:05 PDT"]
[Termination "amintabatabaei won on time"]

1. Nf3 d5 2. g3 Nf6 3. Bg2 c6 4. O-O Bf5 5. c4 e6 6. Qb3 Qb6 7. d3 Nbd7 8. cxd5 cxd5 9. Qc2 Bd6 10. Be3 Qd8 11. Nh4 Bg4 12. h3 Bh5 13. Qb3 b6 14.
Nc3 O-O 15. Rfe1 Qb8 16. g4 Bg6 17. Nxg6 hxg6 18. Qa4 Nc5 19. Bxc5 Bxc5 20. d4 Bd6 21. e4 Bh2+ 22. Kh1 dxe4 23. Nxe4 Nd5 24. Nc3 Qd6 25. Nxd5 exd5 26. Rac1 Bf4 27. Rc6 Qd8 28. Qb3 Qh4 29.
Qxd5 Qxf2 30. Qe4 Qg3 31. Kg1 Qh2+ 32. Kf1 Bd2 33. Re2 Bg5 34. Rc3 Bf6 35. Rd3 Rac8 36. Rc3 Rcd8 37. Rd3 Rc8 38. Rd1 Rfd8 39. d5 Bh4 40. Qf3 Rd6 41. g5 Bxg5 42. Qg4 Rf6+ 43. Rf2 Rxf2+ 44. Kxf2 Rc2+ 45. Kf3 Qe5 46. Qe4 Qf6+ 47.
Kg3 Qf2+ 48. Kh2 Bf4+ 49. Kh1 Qg3 50. Kg1 Be3+ 51. Kh1 Bf4 52. Kg1 Qh2+ 53. Kf1 1-0

[Event "Early-Titled-Tuesday-Blitz-June-18-2024"]
[Site "Chess.com"]
[Date "2024.06.18"]
[Round "5"]
[White "szefru"]
[Black "StoreySniper"]
[Result "1-0"]
[WhiteElo "2306"]
[BlackElo "2414"]
[TimeControl "180+1"]
[EndTime "8:58:05 PDT"]
[Termination "szefru won on time"]

1. e4 g6 2. d4 Bg7 3. Nc3 c5 4.
Be3 Qa5 5. Nf3 Nf6 6. Qd2 Ng4 7.
Bf4 cxd4 8. Nxd4 e5 9. Nb3 Qd8 10.
Bg5 f6 11. Bh4 O-O 12. Bc4+ Kh8 13. f3 Bh6 14. Qe2 Ne3 15. Nd5 Nxd5 16. Bxd5 Nc6 17. O-O a5 18. Rad1 a4 19. Nd2 Qb6+ 20. Bf2 Qxb2 21.
Nc4 Qb4 22. a3 Qe7 23. Rb1 b5 24. Rxb5 Ba6 25. Bc5 Nd4 26. Qd3 d6 27. Bxd6 Qd7 28. Bxf8 Bxf8 29. Rb6 Bc5 30. Rxf6 Ne6+ 31. Kh1 Nf4 32.
Qc3 Rc8 33. Qxe5 Qg7 34. Qxf4 Bd4 35. Ne5 Bxe5 36. Qxe5 Bxf1 37. c4 1-0

[Event "Early-Titled-Tuesday-Blitz-June-18-2024"]
[Site "Chess.com"]
[Date "2024.06.18"]
[Round "5"]
[White "Rud_Makarian"]
[Black "blitzking1729"]
[Result "1-0"]
[WhiteElo "3069"]
[BlackElo "2825"]
[TimeControl "180+1"]
[EndTime "8:58:06 PDT"]
[Termination "Rud_Makarian won by resignation"]

1. c4 e6 2. Nf3 d5 3. g3 Nf6 4. Bg2 Be7 5. O-O O-O 6. Ne5 Nbd7 7. d4 dxc4 8. Nxc4 Nd5 9. e4 N5b6 10. Ne3 c5 11. d5 exd5 12. exd5 Nf6 13. Nc3 Re8 14. Re1 Bf8 15. b3 Bd7 16. Bb2 Rc8 17. a4 a5 18.
Nc4 Nxc4 19. bxc4 Rxe1+ 20. Qxe1 Bd6 21. Ne4 Nxe4 22. Qxe4 Qb6 23. Qc2 Re8 24. Bc3 Qc7 25.
Rb1 f6 26. Be4 h6 27. Bh7+ Kh8 28. Bf5 Bxf5 29. Qxf5 Be5 30. Re1 Re7 31. Bxe5 fxe5 32. f4 e4 33. Rxe4 Rxe4 34. Qxe4 Qd7 35. Qe6 Qxa4 36. d6 Qd1+ 37. Kg2 a4 38. d7 a3 39.
Qe8+ Kh7 40. d8=Q Qc2+ 41. Kh3 Qf5+ 42. g4 Qxf4 43. Qd3+ 1-0

[Event "Early-Titled-Tuesday-Blitz-June-18-2024"]
[Site "Chess.com"]
[Date "2024.06.18"]
[Round "5"]
[White "Austen48"]
[Black "secrethawk1"]
[Result "1-0"]
[WhiteElo "2293"]
[BlackElo "2406"]
[TimeControl "180+1"]
[EndTime "8:58:06 PDT"]
[Termination "Austen48 won on time"]

1. d4 Nf6 2. c4 e6 3. Nc3 Bb4 4. Qc2 O-O 5. Nf3 d5 6. Bg5 h6 7. Bh4 c5 8. e3 Nc6 9. a3 cxd4 10. axb4 dxc3 11. bxc3 dxc4 12. Bxc4 Qe7 13. O-O e5 14. h3 Be6 15. Bd3 a6 16. Bxf6 Qxf6 17. Be4 Rac8 18. Qb2 Rfd8 19. Rfd1 g6 20. Rxd8+ Rxd8 21. b5 axb5 22. Qxb5 Qe7 23. Bxc6 bxc6 24. Qxe5 Qb7 25.
Nd4 Bd5 26. e4 Bc4 27. Re1 Qb2 28. Qg3 Qd2 29. Ra1 c5 30. Nc6 Re8 31. Ne5 Be6 32.
Nxg6 fxg6 33. Qxg6+ Kf8 34. Ra7 Qd1+ 35. Kh2 1-0

[Event "Early-Titled-Tuesday-Blitz-June-18-2024"]
[Site "Chess.com"]
[Date "2024.06.18"]
[Round "5"]
[White "Fh2411"]
[Black "Hirna2005"]
[Result "1-0"]
[WhiteElo "2559"]
[BlackElo "2301"]
[TimeControl "180+1"]
[EndTime "8:58:07 PDT"]
[Termination "Fh2411 won on time"]

1. d4 g6 2. c4 Bg7 3. Nc3 d6 4. Bg5 Nd7 5. e3 c5 6. Nf3 Ngf6 7. h3 O-O 8. Be2 b6 9. O-O Bb7 10. d5 a6 11. a4 Re8 12. Bh4 Qc7 13. Re1 e6 14. dxe6 fxe6 15. Bg3 Bf8 16. Nd2 Rad8 17. Bf3 Nb8 18. Nde4 Nxe4 19. Nxe4 Bxe4 20. Bxe4 Nc6 21. Qf3 Nb4 22. Red1 Bg7 23. Rab1 Rf8 24. Qg4 Qe7 25.
f4 d5 26. Bf3 dxc4 27. h4 Nd3 28.
h5 gxh5 29. Qxh5 Nxb2 30. Rxd8 Rxd8 31. Bh4 Qd7 32. Bxd8 Qxd8 33. Be4 h6 34. Qg6 Qd6 35. Qe8+ Bf8 36. Rf1 Nd3 37. f5 exf5 38. Rxf5 Qe7 39. Bd5+ Kg7 40. Rf7+ 1-0

[Event "Early-Titled-Tuesday-Blitz-June-18-2024"]
[Site "Chess.com"]
[Date "2024.06.18"]
[Round "5"]
[White "Kotofeyca"]
[Black "Chernov_Alexander_A"]
[Result "1-0"]
[WhiteElo "2492"]
[BlackElo "2286"]
[TimeControl "180+1"]
[EndTime "8:58:07 PDT"]
[Termination "Kotofeyca won on time"]

1. d4 Nf6 2. c4 e6 3. Nf3 b6 4. g3 Bb7 5. Bg2 Be7 6. Nc3 O-O 7. Qc2 d5 8. cxd5 exd5 9. O-O Nbd7 10. Rd1 a6 11. Bf4 Rc8 12. Ne5 Re8 13. Bh3 Bd6 14. Nxd7 Nxd7 15. Bxd6 cxd6 16. Qb3 b5 17. e3 Rc4 18.
Bf1 Rc7 19. Nxd5 Rc8 20. Bh3 Rb8 21. Rac1 Nf6 22. Bg2 Ne4 23. Nc3 Ng5 24. Bxb7 Rxb7 25. Qd5 Rd7 26. h4 Ne6 27. Ne4 Qe7 28. Rc6 Red8 29.
Rdc1 h6 30. Rc8 Kh7 31. Rxd8 Rxd8 32. Rc6 Re8 33. Rxd6 Nd8 34. Nc3 Ne6 35. Qf5+ g6 36.
Qe5 1-0

[Event "Early-Titled-Tuesday-Blitz-June-18-2024"]
[Site "Chess.com"]
[Date "2024.06.18"]
[Round "5"]
[White "Andrey-Ivanov2011"]
[Black "Tol_Tol"]
[Result "0-1"]
[WhiteElo "2047"]
[BlackElo "2362"]
[TimeControl "180+1"]
[EndTime "8:58:07 PDT"]
[Termination "Tol_Tol won on time"]

1. d4 Nf6 2. c4 g6 3. Nc3 Bg7 4. e4 O-O 5. Nf3 d6 6. Be2 e5 7. Be3 Ng4 8. Bg5 f6 9. Bh4 g5 10. Bg3 Nh6 11. h3 Nc6 12. d5 Ne7 13. Qb3 Ng6 14.
O-O-O f5 15. exf5 Nxf5 16. Kb1 Nd4 17. Nxd4 exd4 18. Ne4 Bf5 19. Bd3 Nf4 20. Bxf4 gxf4 21. g4 fxg3 22. fxg3 a6 23. g4 Bg6 24. h4 b5 25. h5 bxc4 26. Qxc4 Bxe4 27. Bxe4 Rf2 28.
Qd3 h6 29. Rhf1 Qf6 30. Bf5 Rxf1 31. Rxf1 Kh8 32. Be6 Qg5 33. Rf5 Qh4 34. a3 Rb8 35. Rf7 Qh1+ 36. Ka2 Qg2 37. Qb1 d3 38. Rxg7 Kxg7 39.
a4 Qc2 0-1

[Event "Early-Titled-Tuesday-Blitz-June-18-2024"]
[Site "Chess.com"]
[Date "2024.06.18"]
[Round "5"]
[White "patzer-reloaded"]
[Black "marvinguevara"]
[Result "0-1"]
[WhiteElo "2451"]
[BlackElo "2133"]
[TimeControl "180+1"]
[EndTime "8:58:08 PDT"]
[Termination "marvinguevara won on time"]

1. d4 Nf6 2. c4 d6 3. Nc3 e5 4.
Nf3 e4 5. Nd2 Qe7 6. e3 g6 7. f3 exf3 8. Nxf3 Bg7 9. Bd3 Bg4 10.
h3 Bxf3 11. Qxf3 Nbd7 12. Qxb7 O-O 13. O-O Nb6 14. Qf3 c5 15. d5 Nbd7 16. e4 Ne5 17. Qe2 Nh5 18. Bf4 Nxf4 19. Rxf4 Rab8 20. Rb1 Qg5 21.
Rff1 Qg3 22. Bc2 Rb4 23. Bb3 Bh6 24. Nb5 Be3+ 25. Kh1 Bf4 26. Rxf4 Qxf4 27. Nxa7 f5 28. exf5 Rxf5 29. Nc6 Nxc6 30. dxc6 Rf8 31. Rd1 Qe5 32. Qd2 Rd8 33. Qd5+ Qxd5 34. Rxd5 Rb6 35. Ba4 Ra6 36. Bb5 Rxa2 0-1

[Event "Early-Titled-Tuesday-Blitz-June-18-2024"]
[Site "Chess.com"]
[Date "2024.06.18"]
[Round "5"]
[White "Bilan_Danila"]
[Black "Chessgod9oninsta"]
[Result "1/2-1/2"]
[WhiteElo "2574"]
[BlackElo "2761"]
[TimeControl "180+1"]
[EndTime "8:58:09 PDT"]
[Termination "Game drawn by repetition"]

1. d4 d5 2. Nf3 Nf6 3. c4 c6 4. Nc3 e6 5. Bg5 h6 6. Bxf6 Qxf6 7. e3 g6 8. cxd5 exd5 9. Bd3 Bd6 10. h3 O-O 11. O-O Bf5 12. Rb1 Nd7 13. Qc2 Bxd3 14. Qxd3 Qe7 15. Rfc1 f5 16. Na4 Kg7 17. b4 a6 18. Nc5 Nf6 19. a4 Ne4 20. Ne5 a5 21. f3 Nxc5 22. bxc5 Bxe5 23. dxe5 Rf7 24. f4 Qe6 25. Rb6 g5 26. Rcb1 Ra7 27. Qd4 Kh7 28. Qd3 Kh8 29. R1b3 Rg7 30. Qb1 Qf7 31. Kh2 g4 32. e4 dxe4 33. Qd1 Kh7 34. Rg3 h5 35.
Qd6 h4 36. Rgb3 g3+ 37. Kg1 Qc4 38. Qd1 e3 39. Qh5+ Kg8 40. Qe8+ Kh7 41. Qh5+ Kg8 42. Qe8+ Kh7 43. Qh5+ 1/2-1/2

[Event "Early-Titled-Tuesday-Blitz-June-18-2024"]
[Site "Chess.com"]
[Date "2024.06.18"]
[Round "5"]
[White "becemix"]
[Black "sanbruh"]
[Result "0-1"]
[WhiteElo "2611"]
[BlackElo "2466"]
[TimeControl "180+1"]
[EndTime "8:58:10 PDT"]
[Termination "sanbruh won by resignation"]

1. e4 c5 2. c3 Nf6 3. e5 Nd5 4. d4 cxd4 5. cxd4 e6 6. f4 Nc6 7. Nc3 d6 8. Nf3 Be7 9. Bd3 O-O 10. O-O b6 11. Nxd5 exd5 12. h3 h6 13. a3 dxe5 14.
fxe5 Be6 15. Bf4 Rc8 16. b4 a5 17.
b5 Nb8 18. Qd2 g5 19. Be3 f5 20. exf6 Bxf6 21. h4 g4 22. Ne5 Bxe5 23. dxe5 Qxh4 24.
Bxh6 g3 25. Qg5+ Qxg5 26. Bxg5 Rxf1+ 27. Rxf1 Rc3 28. Bg6 Nd7 29. Rc1 Rxc1+ 30. Bxc1 Nxe5 31. Bc2 d4 32. Bf4 d3 33. Bd1 Nc4 34. Bb3 Kf7 35. Bxg3 Nxa3 36. Ba4 Bc4 37. Bc7 Bxb5 38. Bb3+ Ke7 39.
Bxb6 Nc4 40. Kf2 Nxb6 41. Ke3 Kd6 42. g3 a4 43. Ba2 a3 44. g4 Ke5 45. g5 Kf5 0-1

[Event "Early-Titled-Tuesday-Blitz-June-18-2024"]
[Site "Chess.com"]
[Date "2024.06.18"]
[Round "5"]
[White "LoonsDeKoeben"]
[Black "bazar-wokzal"]
[Result "1-0"]
[WhiteElo "2396"]
[BlackElo "2579"]
[TimeControl "180+1"]
[EndTime "8:58:10 PDT"]
[Termination "LoonsDeKoeben won by resignation"]

1. Nf3 c5 2. e4 d6 3. d4 cxd4 4. Nxd4 Nf6 5. Nc3 a6 6. a3 e5 7.
Nf5 d5 8. Bg5 d4 9. Bxf6 Qxf6 10. Nd5 Qd8 11. Qg4 g6 12. Qg3 Nc6 13. Nxd4 exd4 14.
Nc7+ Kd7 15. Nxa8 Bd6 16. Qb3 Qa5+ 17. c3 b5 18. Qxf7+ Ne7 19. b4 Qd8 20. Qf6 Rf8 21. Qxd4 Nc6 22. Nb6+ Ke8 23. Qe3 Bf4 24. Rd1 Bxe3 25.
Rxd8+ Kxd8 26. fxe3 Ne5 27. Be2 Bb7 28. Nd5 Kd7 29. Rf1 Rd8 30. Rf6 Bc6 31. g3 Re8 32. Bf1 Kd8 33. Bh3 Bb7 34. Rd6+ Nd7 35. Rxd7+ Kc8 36. Re7+ 1-0

[Event "Early-Titled-Tuesday-Blitz-June-18-2024"]
[Site "Chess.com"]
[Date "2024.06.18"]
[Round "5"]
[White "allvim"]
[Black "Kgli1m"]
[Result "0-1"]
[WhiteElo "2347"]
[BlackElo "2104"]
[TimeControl "180+1"]
[EndTime "8:58:11 PDT"]
[Termination "Kgli1m won by resignation"]

1. e4 c5 2. Nf3 Nc6 3. d4 cxd4 4. Nxd4 e5 5. Nb5 a6 6. N5a3 b5 7. c4 b4 8. Nc2 a5 9. Be3 Bb7 10. Nd2 d6 11. Be2 Nf6 12. O-O Be7 13. b3 O-O 14. f4 exf4 15. Bxf4 Ne5 16. Bxe5 dxe5 17. Nf3 Nxe4 18.
Nxe5 Bf6 19. Nd7 Re8 20. Nxf6+ Nxf6 21. Bf3 Bxf3 22. Qxf3 Qd2 23. Rf2 Qg5 24. Nd4 Rad8 25. Nf5 Ng4 26. Nd6 Re7 27. Re2 Rxe2 28. Qxe2 Qc5+ 29.
Kf1 Nxh2+ 30. Ke1 Qxd6 31. Rd1 Qxd1+ 32. Qxd1 Rxd1+ 33. Kxd1 Kf8 34. Ke2 Ke7 35. Kf2 Kd6 36.
Kg3 Nf1+ 37. Kf4 Nd2 38. Ke3 Nxb3 39. axb3 Kc5 40. Ke4 a4 41. bxa4 b3 42. Kd3 b2 43.
Kc2 Kxc4 44. Kxb2 Kb4 45. Kc2 Kxa4 46. Kd3 Kb5 47. Ke4 Kc6 48. Kf5 Kd7 49. g4 Ke7 50. g5 f6 51. g6 0-1

[Event "Early-Titled-Tuesday-Blitz-June-18-2024"]
[Site "Chess.com"]
[Date "2024.06.18"]
[Round "5"]
[White "yaguigor"]
[Black "GMAkobianSTL"]
[Result "0-1"]
[WhiteElo "2643"]
[BlackElo "2834"]
[TimeControl "180+1"]
[EndTime "8:58:12 PDT"]
[Termination "GMAkobianSTL won by resignation"]

1. e4 d6 2. d4 Nf6 3. Nc3 c6 4. f4 Qa5 5. Bd3 e5 6. Nf3 Nbd7 7. O-O Be7 8. Kh1 O-O 9. Qe1 Qc7 10. Qh4 Re8 11. dxe5 dxe5 12. f5 Nc5 13. Bg5 b5 14.
a3 a5 15. Ne2 Qd8 16. Rad1 Nfd7 17. Ng3 Bxg5 18. Qxg5 Qxg5 19. Nxg5 f6 20. Nh3 Nxd3 21. cxd3 c5 22. Nf2 Ba6 23. Ng4 Red8 24. Ne3 Nb6 25. Rd2 b4 26. Rfd1 Rd6 27. Ne2 Rad8 28. Nc1 c4 29. Nd5 Nxd5 30. dxc4 Bxc4 31. axb4 axb4 32. b3 Ba6 33. Rxd5 Rxd5 34. Rxd5 Rxd5 35. exd5 Kf7 36. Na2 Bd3 37. Nxb4 Bxf5 38. Kg1 Ke7 39. Kf2 Kd6 40. Ke3 Bg6 41. g3 Bf7 42. Ke4 g6 43. g4 Bg8 44. h4 h6 45. Ke3 f5 46.
gxf5 gxf5 47. Nd3 Bxd5 48. b4 f4+ 49. Nxf4 exf4+ 50. Kxf4 h5 51. b5 Kc5 0-1

[Event "Early-Titled-Tuesday-Blitz-June-18-2024"]
[Site "Chess.com"]
[Date "2024.06.18"]
[Round "5"]
[White "Zurability"]
[Black "tusplingher"]
[Result "1-0"]
[WhiteElo "2794"]
[BlackElo "2573"]
[TimeControl "180+1"]
[EndTime "8:58:12 PDT"]
[Termination "Zurability won on time"]

1. e4 c5 2. Nf3 e6 3. c3 Nc6 4. Bb5 Nf6 5. e5 Nd5 6. Bxc6 dxc6 7. O-O Be7 8. d3 h6 9. Nbd2 g5 10. Ne4 b6 11. h3 Ba6 12. a3 Qd7 13. c4 Nc7 14. b4 O-O-O 15. bxc5 Bxc5 16. d4 Bxc4 17. Re1 Be7 18. Be3 Bd5 19. Nfd2 Rhf8 20. Qa4 Kb8 21. Rab1 Nb5 22. Rec1 Bxa3 23. Rc2 Be7 24. Nc3 Nxc3 25. Rxc3 f5 26. exf6 Bxf6 27.
Nb3 Bxb3 28. Rcxb3 Bxd4 29. Bxd4 Qxd4 30. Qxc6 Qxf2+ 31. Kh1 Rde8 32. Qd6+ Ka8 33. Ra3 Qc5 34. Qd3 Qc7 35. Rba1 Re7 36. Qb5 Kb8 37. Qb4 Rd8 38. Rxa7 Qxa7 39. Rxa7 1-0

[Event "Early-Titled-Tuesday-Blitz-June-18-2024"]
[Site "Chess.com"]
[Date "2024.06.18"]
[Round "5"]
[White "Abund"]
[Black "KorolDimitriy75"]
[Result "1-0"]
[WhiteElo "2735"]
[BlackElo "2529"]
[TimeControl "180+1"]
[EndTime "8:58:12 PDT"]
[Termination "Abund won on time"]

1. e4 c5 2. Nf3 d6 3. Bb5+ Nd7 4.
a4 Nf6 5. d3 g6 6. a5 Bg7 7. a6 bxa6 8. Bxa6 Bxa6 9. Rxa6 O-O 10. O-O Nb8 11. Ra4 Nc6 12. b3 Nd7 13. Nbd2 Nb6 14.
Ra3 a5 15. Nc4 Nxc4 16. dxc4 Qb6 17. Ra4 Rfb8 18. Bd2 Qb7 19. Qe2 Qc7 20. h3 Nd4 21. Nxd4 Bxd4 22. Qe1 Qc6 23. Kh1 Ra6 24. f4 Rba8 25.
Qe2 Kg7 26. f5 Be5 27. Bg5 f6 28. Bd2 g5 29. Qg4 h6 30. Qh5 Qe8 31. Qe2 Qf7 32. Qe1 Qe8 33. Bxa5 Qh5 34. Rf3 Qh4 35. Qd2 Qxe4 36.
Rf1 Qc6 37. Re1 Qe8 38. Bc3 1-0

[Event "Early-Titled-Tuesday-Blitz-June-18-2024"]
[Site "Chess.com"]
[Date "2024.06.18"]
[Round "5"]
[White "Bob_2004"]
[Black "sansanathalia"]
[Result "1-0"]
[WhiteElo "2766"]
[BlackElo "2460"]
[TimeControl "180+1"]
[EndTime "8:58:13 PDT"]
[Termination "Bob_2004 won on time"]

1. d4 Nf6 2. c4 e6 3. Nc3 d5 4. cxd5 Nxd5 5. e4 Nxc3 6. bxc3 c5 7. Nf3 cxd4 8. cxd4 Bb4+ 9. Bd2 Bxd2+ 10. Qxd2 O-O 11.
Rd1 Nd7 12. Bd3 b6 13. O-O Bb7 14. Rfe1 Rc8 15. d5 Nc5 16. Bb1 exd5 17. exd5 Qd6 18. h4 Rfd8 19. Re5 Nd7 20. Rg5 Nf6 21. Nd4 g6 22. Nf5 Qf8 23. d6 Rd7 24. Qd4 Nh5 25. Ne7+ Rxe7 26. dxe7 Qxe7 27. Re5 Qf6 28. Ree1 Qxd4 29.
Rxd4 Nf6 30. Rd6 Kg7 31. Bd3 Bd5 32. a4 Be6 33. f3 Rc3 34. Bb5 Ra3 35. Rc1 Bd5 36.
Rc7 Bb3 37. Rxa7 Nh5 38. Rd3 Nf4 39. Re3 Ra1+ 40. Kh2 Be6 41. Rb7 1-0

[Event "Early-Titled-Tuesday-Blitz-June-18-2024"]
[Site "Chess.com"]
[Date "2024.06.18"]
[Round "5"]
[White "elamier"]
[Black "Caroexpert"]
[Result "0-1"]
[WhiteElo "2472"]
[BlackElo "2646"]
[TimeControl "180+1"]
[EndTime "8:58:13 PDT"]
[Termination "Caroexpert won by checkmate"]

1. d4 d5 2. c4 e6 3. Nf3 a6 4. Bg5 Be7 5. Bxe7 Qxe7 6. Nbd2 Nf6 7. g3 O-O 8. Bg2 b6 9. cxd5 exd5 10. O-O c5 11.
Re1 Nc6 12. dxc5 bxc5 13. e4 dxe4 14. Ng5 Bg4 15. Qa4 Nd4 16. Ngxe4 Rab8 17. Qxa6 Nxe4 18. Rxe4 Qg5 19. Nc4 Nf3+ 20. Kh1 Qh5 21. h4 g5 22. Ne3 f5 23. Qc4+ Rf7 24. Nxg4 fxg4 25. Bxf3 gxf3 26.
b3 Rf8 27. Rae1 Kg7 28. Kg1 Qg6 29. Qc3+ Kg8 30. Qxc5 g4 31. Rf4 Rxf4 32. gxf4 Rxf4 33. Qd5+ Rf7 34. Re7 Qb1+ 35. Kh2 g3+ 36. Kxg3 Qg1+ 37.
Kh3 Qg2# 0-1

[Event "Early-Titled-Tuesday-Blitz-June-18-2024"]
[Site "Chess.com"]
[Date "2024.06.18"]
[Round "5"]
[White "NigiriSushies"]
[Black "Alexchess1984"]
[Result "0-1"]
[WhiteElo "2309"]
[BlackElo "2558"]
[TimeControl "180+1"]
[EndTime "8:58:13 PDT"]
[Termination "Alexchess1984 won by checkmate"]

1. e4 e6 2. d4 d5 3. e5 b6 4.
c3 Qd7 5. Nf3 Ne7 6. Be3 h6 7.
Nbd2 Nf5 8. Bf4 g5 9. Bg3 c5 10. Be2 Ba6 11. Nf1 Bxe2 12. Qxe2 cxd4 13. cxd4 Bb4+ 14.
N1d2 Nc6 15. O-O g4 16. Nh4 Nfxd4 17. Qd3 Be7 18. a3 Qd8 19. b4 a6 20. Ng6 fxg6 21.
Qxg6+ Kd7 22. Qxg4 h5 23. Qd1 Qf8 24. h3 h4 25. Bh2 Rg8 26. Kh1 Qf5 27. Nb3 Nxb3 28. Qxb3 Raf8 29. b5 axb5 30. Qxb5 Qe4 31. f3 Qc2 32.
Rg1 Bc5 33. Rac1 Qd2 34. Rxc5 bxc5 35. Qb7+ Ke8 36. Qxc6+ Kf7 37. Qd7+ Kg6 38. Qxe6+ Kh7 39. Qd7+ Rg7 40. Qb5 Rfg8 41. e6 Rxg2 42. Qd7+ R8g7 43.
e7 Rxg1+ 44. Bxg1 Qg2# 0-1

[Event "Early-Titled-Tuesday-Blitz-June-18-2024"]
[Site "Chess.com"]
[Date "2024.06.18"]
[Round "5"]
[White "A4RookA3"]
[Black "gabduschew"]
[Result "1-0"]
[WhiteElo "2444"]
[BlackElo "2303"]
[TimeControl "180+1"]
[EndTime "8:58:13 PDT"]
[Termination "A4RookA3 won on time"]

1. d4 Nf6 2. Nc3 d5 3. Bf4 a6 4. e3 c5 5. dxc5 Nc6 6. a3 e5 7. Bg5 d4 8. Ne4 Bf5 9. Ng3 Bg6 10. b4 h6 11. Bh4 Be7 12. Nf3 dxe3 13. Qxd8+ Rxd8 14.
fxe3 Bxc2 15. Bxf6 Bxf6 16. e4 h5 17. h4 Nd4 18.
Ra2 Nxf3+ 19. gxf3 Ba4 20. Nf5 O-O 21. Be2 g6 22. Ne3 Bc6 23. Rd2 Rxd2 24. Kxd2 Rd8+ 25. Kc2 Kf8 26. Bc4 Ke7 27. Bd5 Bg7 28. Rg1 Ba4+ 29. Kc3 Bc6 30. Kc4 Bf6 31. Rh1 Bg7 32. Kb3 Bf6 33. a4 Bg7 34. Rd1 Bh6 35. Nc4 Bxd5 36. exd5 1-0

[Event "Early-Titled-Tuesday-Blitz-June-18-2024"]
[Site "Chess.com"]
[Date "2024.06.18"]
[Round "5"]
[White "OparinGrigoriy"]
[Black "LeRoidesChampions"]
[Result "1-0"]
[WhiteElo "3052"]
[BlackElo "2669"]
[TimeControl "180+1"]
[EndTime "8:58:14 PDT"]
[Termination "OparinGrigoriy won on time"]

1. c4 Nf6 2. Nc3 g6 3. g3 Bg7 4.
Bg2 O-O 5. Nf3 d6 6. d4 Nc6 7. O-O a6 8. b3 Rb8 9. d5 Na5 10. Bg5 c5 11. dxc6 Nxc6 12. Qd2 Bd7 13. Rac1 b5 14.
cxb5 axb5 15. Rfd1 b4 16. Bxf6 Bxf6 17. Nd5 Bg7 18.
Qg5 h6 19. Qh4 g5 20. Qe4 e6 21. Ne3 d5 22. Qd3 Ne7 23. h4 Bb5 24. Qd2 Ng6 25.
hxg5 hxg5 26. Nd4 Qb6 27. Nxb5 Qxb5 28. Ng4 d4 29. Be4 Ne5 30. Nxe5 Qxe5 31. Bc6 Rfc8 32. Rc4 Rc7 33. Rdc1 Rbc8 34. R1c2 Qd6 35. Bb5 Rxc4 36.
Bxc4 Rd8 37. Bd3 Qe5 38. Qc1 Ra8 39. Rc5 Qf6 40. Rxg5 e5 41. Rh5 Rd8 42. Qc5 Qd6 43. Qc4 Kf8 44. Be4 Rd7 45. Qc8+ Ke7 46. Qg8 Bf6 47. Rh7 Qe6 48. Bg6 Kd6 49. Qb8+ 1-0

[Event "Early-Titled-Tuesday-Blitz-June-18-2024"]
[Site "Chess.com"]
[Date "2024.06.18"]
[Round "5"]
[White "karinachess1"]
[Black "Zohid6"]
[Result "0-1"]
[WhiteElo "2659"]
[BlackElo "2977"]
[TimeControl "180+1"]
[EndTime "8:58:14 PDT"]
[Termination "Zohid6 won on time"]

1. d4 e6 2. c4 d5 3. Nc3 c6 4. cxd5 exd5 5. Nf3 Nf6 6. Bg5 Bf5 7. e3 Nbd7 8. Bd3 Bxd3 9. Qxd3 h6 10. Bh4 Be7 11. O-O O-O 12. a3 a5 13. Rab1 Ne4 14. Nxe4 Bxh4 15.
Nxh4 Qxh4 16. Ng3 a4 17. h3 Rfe8 18. Rbe1 Ra6 19. Re2 Rb6 20. Qc3 Rb3 21. Qa5 Nb6 22.
Rc1 Qe7 23. Nf1 Ra8 24. Qe1 Nc4 25. Nd2 Rxb2 26. Nxc4 Rxe2 27. Qxe2 dxc4 28. Qb2 b5 29. Qc3 Rd8 30. Rb1 f5 31. g3 Qe4 32. Rc1 h5 33. h4 Kh7 34. Qb4 Rg8 35. Qd6 g5 36. hxg5 Rxg5 37. Kh2 h4 38. Qc7+ Rg7 39. Qf4 hxg3+ 40.
fxg3 Qxf4 41. gxf4 Re7 42. Rc3 Kg6 43. Kg3 Kf6 44. Kf3 Rh7 45. Kg2 Ke6 46. Rc1 Kd5 47.
Kf3 Rh3+ 48. Kf2 Ke4 49. Rc3 Rh2+ 50. Kf1 Rd2 51. Ke1 Rd3 0-1

[Event "Early-Titled-Tuesday-Blitz-June-18-2024"]
[Site "Chess.com"]
[Date "2024.06.18"]
[Round "5"]
[White "LeninGuerra"]
[Black "NailBashirli"]
[Result "0-1"]
[WhiteElo "2539"]
[BlackElo "2741"]
[TimeControl "180+1"]
[EndTime "8:58:14 PDT"]
[Termination "NailBashirli won by resignation"]

1. e4 Nf6 2. e5 Nd5 3. c4 Nb6 4. a4 a5 5. d4 d6 6. exd6 exd6 7. Ra3 Be7 8. Rg3 O-O 9. Nf3 Bf6 10. Be2 Nc6 11.
Kf1 Ne7 12. Nc3 Nf5 13. Bd3 g6 14. Qc2 Nxg3+ 15. hxg3 d5 16. c5 Nd7 17. Nxd5 Bg7 18. Ng5 c6 19. Nc3 Nf6 20. Nf3 Bg4 21. Be3 Nd5 22.
Nxd5 Qxd5 23. Ne5 Bxe5 24. dxe5 Rad8 25. Rh4 h5 26. Rxg4 hxg4 27. Be2 Qxe5 28. Bxg4 Rd5 29. Bf3 Rd7 30. g4 Rfd8 31. g3 Rd3 32. Bf4 Qe6 33.
Be2 Qe4 34. Bxd3 Qxd3+ 35. Qxd3 Rxd3 36. Ke2 Rb3 37. Be5 Rb4 38. g5 Rxa4 39. Kd3 Rb4 40. Bc3 Ra4 41. b3 Ra2 42. Kc4 a4 43. bxa4 Rxa4+ 44. Kd3 Kf8 45. Bd4 Ke7 46. Be3 Ke6 47.
f3 Kd5 48. g4 Rb4 49. f4 Rb3+ 50. Ke2 Ke4 51. Bd2 Rb2 52. Ke1 Kf3 53. f5 Rb1+ 54. Bc1 Rxc1+ 55. Kd2 0-1

[Event "Early-Titled-Tuesday-Blitz-June-18-2024"]
[Site "Chess.com"]
[Date "2024.06.18"]
[Round "5"]
[White "Resourchess"]
[Black "dhammiko"]
[Result "0-1"]
[WhiteElo "2367"]
[BlackElo "2191"]
[TimeControl "180+1"]
[EndTime "8:58:14 PDT"]
[Termination "dhammiko won by resignation"]

1. d4 d5 2. c4 Nf6 3. Nc3 e6 4. cxd5 Nxd5 5. Nf3 c6 6. e4 Nxc3 7. bxc3 Nd7 8. Bd3 Be7 9. O-O O-O 10. e5 f5 11.
exf6 Nxf6 12. Ne5 Bd6 13. Qe2 Qc7 14. Bf4 b5 15. Rae1 Bb7 16. h3 Rae8 17. Bg5 Bxe5 18. dxe5 Nd5 19. Qe4 g6 20. c4 bxc4 21. Bxc4 c5 22.
Qh4 Rf5 23. Bf6 Nxf6 24. exf6 Qc6 25. f3 Ba6 26. Bxa6 Qxa6 27. g4 Rf4 28. Qg5 Qd6 29.
Rd1 Rd4 30. Rxd4 cxd4 31. Qh6 Qc7 32. Kg2 e5 33. Rd1 Rb8 34. Rd2 Qf7 35. Qg5 Qe6 36.
h4 Rb6 37. h5 Qxf6 38. Qh6 gxh5 39. Qxh5 Rb7 40. Qe8+ Kg7 41. Qh5 Rf7 42. Rd3 Re7 43. g5 Qg6 44. Qg4 Qxd3 0-1

[Event "Early-Titled-Tuesday-Blitz-June-18-2024"]
[Site "Chess.com"]
[Date "2024.06.18"]
[Round "5"]
[White "GMBenjaminBok"]
[Black "SaraBlackPanther"]
[Result "1-0"]
[WhiteElo "2997"]
[BlackElo "2710"]
[TimeControl "180+1"]
[EndTime "8:58:15 PDT"]
[Termination "GMBenjaminBok won on time"]

1. d4 Nf6 2. c4 g6 3. g3 Bg7 4. Bg2 O-O 5. Nc3 d6 6. Nf3 c5 7. dxc5 dxc5 8. Qxd8 Rxd8 9. Be3 Nbd7 10. O-O-O Rf8 11. h3 Rb8 12. Bf4 Ra8 13. g4 a6 14.
Rd2 Nb6 15. Ne5 Be6 16. b3 Nfd7 17. Nxd7 Bxd7 18. Kc2 Bc6 19. Bxc6 bxc6 20. Ne4 a5 21. Bc7 Nc8 22. Nxc5 Ra7 23. Bb8 Ra8 24. Bg3 Nb6 25. Bc7 Nc8 26. Rhd1 Ra7 27. Bb8 Ra8 28. Bg3 e5 29. g5 Nb6 30. a4 Rfe8 31. f3 h6 32. h4 Nc8 33. Ne4 Ne7 34. Bf2 Nf5 35. e3 Reb8 36. Rd7 hxg5 37. hxg5 Ra6 38. Rd8+ Rxd8 39. Rxd8+ Bf8 40. Nf6+ Kg7 41. e4 1-0

[Event "Early-Titled-Tuesday-Blitz-June-18-2024"]
[Site "Chess.com"]
[Date "2024.06.18"]
[Round "5"]
[White "giovannibrandao7"]
[Black "LileKoridze"]
[Result "0-1"]
[WhiteElo "2290"]
[BlackElo "2434"]
[TimeControl "180+1"]
[EndTime "8:58:15 PDT"]
[Termination "LileKoridze won by resignation"]

1. e4 c5 2. Nf3 d6 3. b3 Nf6 4. d3 g6 5. Bb2 Bg7 6. Nbd2 O-O 7. Be2 Nc6 8. O-O d5 9. exd5 Nxd5 10. Bxg7 Kxg7 11.
Nc4 Qc7 12. Qd2 b5 13. Ne3 Nf4 14. Rfe1 Bb7 15. Bf1 Nd4 16. Ng5 h6 17. Ne4 f5 18.
Nc3 Qc6 19. f3 e5 20. Qf2 Nh3+ 21. gxh3 Nxf3+ 22. Qxf3 Qxf3 23. Bg2 Qh5 24. Bxb7 Rad8 25. Bg2 f4 26. Ng4 f3 27. Bf1 Rd4 28. Ne4 Qh4 29.
Kh1 h5 30. Ngf2 g5 31. Nxc5 Qxf2 32. Ne6+ Kg8 33. Nxd4 Qxd4 34. Re4 Qf2 35. Rxe5 Qd2 36. d4 Qxd4 37. Rae1 Qf4 38. Bd3 f2 0-1